Jets vs Wild

Created - 3 novembre 2017 at 19:22

Goals
1 2 3 T
Jets 3 0 1 4
Wild 2 1 2 5
Shots
1 2 3 T
Jets 9 6 8 23
Wild 11 12 13 36

1st period

1. Jets , Cam Atkinson 10 (Mikko Koivu 13, Jamie Benn 10) at 3:57
2. Jets , Brock Nelson 4 (Frans Nielsen 6, Tobias Enstrom 5) at 7:22
3. Wild , Ryan Callahan 2 (Sven Baertschi 6) at 10:20
4. Wild , Riley Nash 4 (Jason Spezza 10, Richard Panik 11) at 13:53 (PP)
5. Jets , Hampus Lindholm 2 (Mikko Koivu 14, Jamie Benn 11) at 18:24 (PP)

Penalties :
Luke Schenn (MIN) for Holding (Minor) at 0:03, Bryan Rust (WPG) for Tripping (Minor) at 13:13, Eric Staal (MIN) for Slashing (Minor) at 17:54, Nick Holden (WPG) for Tripping (Minor) at 19:52

2nd period

6. Wild , Sven Baertschi 2 (Ryan Callahan 3, Andreas Athanasiou 3) at 2:23

Penalties :
Tanner Pearson (MIN) for Roughing (Minor) at 0:02, Nick Holden (WPG) for Holding (Minor) at 6:02

3rd period

7. Jets , Rickard Rakell 6 (Radek Faksa 2) at 5:05
8. Wild , Tanner Pearson 6 (Jason Pominville 11, Eric Staal 7) at 9:21 (PP)
9. Wild , Eric Staal 8 (Tanner Pearson 8, Jason Pominville 12) at 16:52

Penalties :
Bryan Rust (WPG) for Tripping (Minor) at 6:22, Radko Gudas (WPG) for Interference (Minor) at 9:15, Mikko Koivu (WPG) for Holding (Minor) at 9:48

Goalie Stats

Cory Schneider (WPG), 31 saves from 36 shots - (0.861), L, 6-6-2, 60:00 minutes
James Reimer (MIN), 19 saves from 23 shots - (0.826), W, 8-8-0, 60:00 minutes

Players Stats for Jets

Player Name              G  A  P  +/- PIM S  H  SB GA TA FO     MP     PP MP  PK MP  
------------------------------------------------------------------------------------
Alan Quine               0  0  0   1  0   0  0  0  0  0  0/0     6:48   0:00   3:58 
Braydon Coburn           0  0  0   1  0   0  0  1  0  0  0/0    10:25   0:00   0:18 
Brock Nelson             1  0  1   0  0   1  0  0  0  0  0/0    16:47   1:01   0:27 
Bryan Rust               0  0  0  -1  4   0  1  0  0  0  0/1    14:03   0:00   1:13 
Cam Atkinson             1  0  1   0  0   4  0  0  0  0  0/1    19:16   1:38   0:00 
Connor Carrick           0  0  0   0  0   0  0  0  0  0  0/0     4:57   0:00   0:00 
Frans Nielsen            0  1  1   0  0   2  0  0  0  0  15/28  18:22   1:01   2:02 
Hampus Lindholm          1  0  1  -2  0   2  3  2  0  0  0/0    24:42   1:48   3:39 
Jamie Benn               0  2  2   0  0   3  0  0  0  0  0/0    20:35   1:38   0:00 
Jonas Brodin             0  0  0  -2  0   0  0  0  0  0  0/0    23:32   0:51   3:39 
Mika Zibanejad           0  0  0  -1  0   1  0  0  0  0  10/15  13:22   0:00   0:00 
Mikko Koivu              0  2  2   0  2   3  1  0  0  0  19/29  22:20   1:38   1:46 
Nick Holden              0  0  0   1  4   0  2  0  0  0  0/0    19:39   1:48   2:07 
Ondrej Kase              0  0  0  -1  0   1  1  0  0  0  0/0    12:52   0:00   0:00 
Radek Faksa              0  1  1   1  0   1  0  0  0  0  10/18   7:10   0:00   4:20 
Radko Gudas              0  0  0   1  2   0  5  2  0  0  0/0    18:41   0:00   3:14 
Rickard Rakell           1  0  1   1  0   5  1  0  0  0  0/2    19:40   1:01   0:00 
Tobias Enstrom           0  1  1   1  0   0  0  0  0  0  0/0    18:01   0:51   0:49 

Players Stats for Wild

Player Name              G  A  P  +/- PIM S  H  SB GA TA FO     MP     PP MP  PK MP  
------------------------------------------------------------------------------------
Alexander Edler          0  0  0   1  0   1  0  1  0  0  0/0    23:46   3:08   2:01 
Andreas Athanasiou       0  1  1   0  0   4  0  1  0  0  7/18   15:27   0:12   0:08 
Eric Staal               1  1  2   1  2   2  1  0  0  0  17/41  26:11   3:39   1:21 
Jason Pominville         0  2  2   1  0   6  0  0  0  0  0/4    17:55   3:31   0:48 
Jason Spezza             0  1  1  -1  0   4  1  0  0  0  13/25  19:39   3:10   1:51 
Johnny Oduya             0  0  0  -1  0   0  0  1  0  0  0/0    21:20   3:41   1:15 
Joonas Donskoi           0  0  0   0  0   0  1  0  0  0  0/1     7:07   0:00   0:00 
Josh Gorges              0  0  0  -1  0   3  2  1  0  0  0/0    21:15   3:41   0:38 
Luke Schenn              0  0  0   1  2   1  2  2  0  0  0/0    21:47   3:00   0:40 
Marco Scandella          0  0  0   0  0   0  1  1  0  0  0/0    15:44   0:12   0:00 
Marian Gaborik           0  0  0   0  0   1  0  0  0  0  0/0     7:07   0:00   0:00 
Mason Raymond            0  0  0   0  0   0  0  0  0  0  1/2     1:27   0:12   0:00 
Nicklas Grossmann        0  0  0   0  0   0  2  2  0  0  0/0    16:07   0:04   0:44 
Richard Panik            0  1  1  -1  0   3  0  0  0  0  1/1    16:17   3:10   0:00 
Riley Nash               1  0  1  -1  0   1  0  0  0  0  0/0    16:39   3:10   0:22 
Ryan Callahan            1  1  2   0  0   2  1  0  0  0  0/1    15:21   0:04   0:10 
Sven Baertschi           1  1  2   0  0   2  0  0  0  0  0/0    14:54   0:00   0:00 
Tanner Pearson           1  1  2   1  2   6  1  0  0  0  1/1    17:26   3:30   0:38 

3 Stars

1 - Ryan Callahan (MIN)
2 - Sven Baertschi (MIN)
3 - Tanner Pearson (MIN)

Power Play

Jets - 1 on 3 Attempt(s) - 33.33%
Wild - 2 on 6 Attempt(s) - 33.33%

Penalty Kill

Jets - 4 on 6 Attempt(s) - 66.67% - Score 0 goal in Penalty Kill
Wild - 2 on 3 Attempt(s) - 66.67% - Score 0 goal in Penalty Kill

Team Stat

Jets - Hits : 14 - Faceoff Wins : 54 - Blocked Shots : 5 - Penalty Minutes : 12
Wild - Hits : 12 - Faceoff Wins : 40 - Blocked Shots : 9 - Penalty Minutes : 6

Official

Referees : Kyle Rehman and Dean Morton
Linesman : Mark Shewchyk and Vaughan Rody

Game Notes

No Game Note

Finance

Level 1 -- Attendance: 6122 (94.18%) -- Ticket Income 673 420 $
Level 2 -- Attendance: 4730 (94.60%) -- Ticket Income 354 750 $
Level 3 -- Attendance: 3044 (86.97%) -- Ticket Income 170 464 $
Level 4 -- Attendance: 1954 (100.00%) -- Ticket Income 78 160 $
Luxury Box -- Attendance: 987 (98.70%) -- Ticket Income 196 413 $
Game was played at the Xcel Energy Center.
Total Attendance: 16837 (93.78%)
Total Ticket Income: 1 473 207 $
Other Income: 220 981 $
Total Income: 1 694 188 $

% Time on Ice - Jets

Lines # - Real PCT - Wanted PCT - Time Play
Normal Forward
1 - 36% - 40% - 17:19
2 - 32% - 30% - 15:19
3 - 27% - 20% - 12:52
4 - 6% - 10% - 2:50
Normal Defense
1 - 38% - 40% - 18:10
2 - 32% - 30% - 15:27
3 - 20% - 20% - 9:49
4 - 10% - 10% - 4:54
PP Forward
1 - 62% - 60% - 1:38
2 - 38% - 40% - 1:01
PP Defense
1 - 68% - 60% - 1:48
2 - 32% - 40% - 0:51
PK Forward
1 - 70% - 60% - 4:51
2 - 30% - 40% - 2:02
PK Defense
1 - 53% - 60% - 3:39
2 - 47% - 40% - 3:14
PK3 Forward
1 - 0% - 60%
2 - 0% - 40%
PK3 Defense
1 - 0% - 60%
2 - 0% - 40%
44 Forward
1 - 72% - 60% - 1:19
2 - 28% - 40% - 0:30
44 Defense
1 - 48% - 60% - 0:52
2 - 52% - 40% - 0:57
Last Minute Offensive  - 0:19
Last Minute Defensive  - 0:00
Total
Forward - 60:00
Defense - 60:00

% Time on Ice - Wild

Lines # - Real PCT - Wanted PCT - Time Play
Normal Forward
1 - 26% - 40% - 12:40
2 - 27% - 30% - 13:07
3 - 31% - 20% - 14:54
4 - 15% - 10% - 7:07
Normal Defense
1 - 36% - 40% - 16:59
2 - 31% - 30% - 14:42
3 - 32% - 20% - 15:19
4 - 2% - 10% - 0:48
PP Forward
1 - 54% - 60% - 3:43
2 - 46% - 40% - 3:10
PP Defense
1 - 46% - 60% - 3:12
2 - 54% - 40% - 3:41
PK Forward
1 - 70% - 60% - 1:51
2 - 30% - 40% - 0:48
PK Defense
1 - 76% - 60% - 2:01
2 - 24% - 40% - 0:38
PK3 Forward
1 - 0% - 60%
2 - 0% - 40%
PK3 Defense
1 - 0% - 60%
2 - 0% - 40%
44 Forward
1 - 83% - 60% - 1:31
2 - 17% - 40% - 0:18
44 Defense
1 - 53% - 60% - 0:58
2 - 47% - 40% - 0:51
Last Minute Offensive  - 0:00
Last Minute Defensive  - 0:51
Total
Forward - 60:00
Defense - 60:00

Play by Play

1st period


0:01 of 1st period - Mikko Koivu wins face-off versus Eric Staal in neutral zone.
0:03 of 1st period - Minor Penalty to Luke Schenn for Holding.
0:04 of 1st period - Eric Staal wins face-off versus Mikko Koivu in Wild zone.
0:04 of 1st period - Eric Staal is hit by Mikko Koivu.
0:28 of 1st period - Shot by Mikko Koivu.
0:28 of 1st period - Stopped by James Reimer without a rebound.
0:29 of 1st period - Frans Nielsen wins face-off versus Eric Staal in Wild zone.
0:46 of 1st period - Shot by Brock Nelson.
0:46 of 1st period - Shot Misses the Net.
1:03 of 1st period - Icing by Rickard Rakell.
1:04 of 1st period - Frans Nielsen wins face-off versus Jason Pominville in Jets zone.
2:05 of 1st period - Shot by Bryan Rust.
2:05 of 1st period - Shot Blocked by Andreas Athanasiou.
2:07 of 1st period - Shot by Bryan Rust.
2:07 of 1st period - Shot Misses the Net.
2:21 of 1st period - Icing by Marco Scandella.
2:22 of 1st period - Radek Faksa wins face-off versus Andreas Athanasiou in Wild zone.
2:55 of 1st period - Marco Scandella is hit by Radko Gudas and loses puck.
3:57 of 1st period - Shot by Cam Atkinson.
3:57 of 1st period - Goal by Cam Atkinson - Jets : 1 - Wild : 0.
3:58 of 1st period - Mikko Koivu wins face-off versus Eric Staal in neutral zone.
4:31 of 1st period - Shot by Jamie Benn.
4:31 of 1st period - Shot Misses the Net.
4:42 of 1st period - Icing by Nick Holden.
4:43 of 1st period - Jason Spezza wins face-off versus Mikko Koivu in Jets zone.
4:44 of 1st period - Shot by Richard Panik.
4:44 of 1st period - Shot Misses the Net.
5:20 of 1st period - Off-side.
5:21 of 1st period - Eric Staal wins face-off versus Frans Nielsen in neutral zone.
5:21 of 1st period - Luke Schenn is hit by Rickard Rakell and loses puck.
6:21 of 1st period - Shot by Jason Pominville.
6:21 of 1st period - Stopped by Cory Schneider without a rebound.
6:22 of 1st period - Richard Panik wins face-off versus Mika Zibanejad in Jets zone.
6:35 of 1st period - Shot by Jason Spezza.
6:35 of 1st period - Deflect By Richard Panik.
6:35 of 1st period - Stopped by Cory Schneider with a rebound.
6:37 of 1st period - Shot by Riley Nash.
6:37 of 1st period - Shot Misses the Net.
6:41 of 1st period - Shot by Riley Nash.
6:41 of 1st period - Shot Misses the Net.
6:43 of 1st period - Shot by Jason Spezza.
6:43 of 1st period - Stopped by Cory Schneider without a rebound.
6:44 of 1st period - Eric Staal wins face-off versus Radek Faksa in Jets zone.
6:50 of 1st period - Off-side.
6:51 of 1st period - Mikko Koivu wins face-off versus Eric Staal in neutral zone.
6:56 of 1st period - Shot by Jamie Benn.
6:56 of 1st period - Shot Misses the Net.
6:58 of 1st period - Shot by Hampus Lindholm.
6:58 of 1st period - Stopped by James Reimer without a rebound.
6:59 of 1st period - Frans Nielsen wins face-off versus Jason Spezza in Wild zone.
7:14 of 1st period - Shot by Frans Nielsen.
7:14 of 1st period - Shot Hit the Post.
7:22 of 1st period - Shot by Brock Nelson.
7:22 of 1st period - Goal by Brock Nelson - Jets : 2 - Wild : 0.
7:23 of 1st period - Mikko Koivu wins face-off versus Eric Staal in neutral zone.
7:40 of 1st period - Shot by Tanner Pearson.
7:40 of 1st period - Stopped by Cory Schneider without a rebound.
7:41 of 1st period - Mika Zibanejad wins face-off versus Andreas Athanasiou in Jets zone.
7:41 of 1st period - Mika Zibanejad is hit by Ryan Callahan.
8:10 of 1st period - Shot by Ryan Callahan.
8:10 of 1st period - Stopped by Cory Schneider without a rebound.
8:11 of 1st period - Eric Staal wins face-off versus Frans Nielsen in Jets zone.
8:19 of 1st period - Icing by Rickard Rakell.
8:20 of 1st period - Frans Nielsen wins face-off versus Jason Spezza in Jets zone.
8:32 of 1st period - Icing by Johnny Oduya.
8:33 of 1st period - Mikko Koivu wins face-off versus Jason Spezza in Wild zone.
9:21 of 1st period - Icing by Luke Schenn.
9:22 of 1st period - Eric Staal wins face-off versus Rickard Rakell in Wild zone.
9:41 of 1st period - Shot by Frans Nielsen.
9:41 of 1st period - Deflect By Rickard Rakell.
9:41 of 1st period - Shot Misses the Net.
9:43 of 1st period - Shot by Jonas Brodin.
9:43 of 1st period - Shot Blocked by Luke Schenn.
9:45 of 1st period - Shot by Jonas Brodin.
9:45 of 1st period - Shot Misses the Net.
9:47 of 1st period - Shot by Jonas Brodin.
9:47 of 1st period - Shot Misses the Net.
9:49 of 1st period - Shot by Hampus Lindholm.
9:49 of 1st period - Shot Misses the Net.
9:57 of 1st period - Shot by Brock Nelson.
9:57 of 1st period - Deflect By Rickard Rakell.
9:57 of 1st period - Stopped by James Reimer without a rebound.
9:58 of 1st period - Mika Zibanejad wins face-off versus Andreas Athanasiou in Wild zone.
10:06 of 1st period - Icing by Marco Scandella.
10:07 of 1st period - Mikko Koivu wins face-off versus Andreas Athanasiou in Wild zone.
10:10 of 1st period - Shot by Cam Atkinson.
10:10 of 1st period - Shot Misses the Net.
10:20 of 1st period - Shot by Ryan Callahan.
10:20 of 1st period - Goal by Ryan Callahan - Jets : 2 - Wild : 1.
10:21 of 1st period - Jason Spezza wins face-off versus Mika Zibanejad in neutral zone.
10:46 of 1st period - Johnny Oduya is hit by Ondrej Kase and loses puck.
11:18 of 1st period - Johnny Oduya is hit by Hampus Lindholm.
12:10 of 1st period - Shot by Rickard Rakell.
12:10 of 1st period - Stopped by James Reimer without a rebound.
12:11 of 1st period - Andreas Athanasiou wins face-off versus Radek Faksa in Wild zone.
12:26 of 1st period - Shot by Radek Faksa.
12:26 of 1st period - Shot Blocked by Nicklas Grossmann.
12:28 of 1st period - Shot by Nick Holden.
12:28 of 1st period - Shot Blocked by Nicklas Grossmann.
13:13 of 1st period - Minor Penalty to Bryan Rust for Tripping.
13:14 of 1st period - Radek Faksa wins face-off versus Eric Staal in Jets zone.
13:35 of 1st period - Shot by Jason Pominville.
13:35 of 1st period - Stopped by Cory Schneider without a rebound.
13:36 of 1st period - Frans Nielsen wins face-off versus Jason Spezza in Jets zone.
13:53 of 1st period - Shot by Riley Nash.
13:53 of 1st period - Goal by Riley Nash - Jets : 2 - Wild : 2.
13:54 of 1st period - Frans Nielsen wins face-off versus Eric Staal in neutral zone.
14:13 of 1st period - Shot by Frans Nielsen.
14:13 of 1st period - Shot Misses the Net.
15:03 of 1st period - Shot by Cam Atkinson.
15:03 of 1st period - Shot Misses the Net.
15:05 of 1st period - Shot by Mikko Koivu.
15:05 of 1st period - Stopped by James Reimer without a rebound.
15:06 of 1st period - Mika Zibanejad wins face-off versus Jason Spezza in Wild zone.
15:18 of 1st period - Off-side.
15:19 of 1st period - Mikko Koivu wins face-off versus Eric Staal in neutral zone.
15:32 of 1st period - Shot by Cam Atkinson.
15:32 of 1st period - Shot Misses the Net.
15:35 of 1st period - Icing by Josh Gorges.
15:36 of 1st period - Mika Zibanejad wins face-off versus Eric Staal in Wild zone.
16:26 of 1st period - Icing by Johnny Oduya.
16:27 of 1st period - Mikko Koivu wins face-off versus Eric Staal in Wild zone.
16:59 of 1st period - Shot by Riley Nash.
16:59 of 1st period - Shot Misses the Net.
17:01 of 1st period - Shot by Luke Schenn.
17:01 of 1st period - Shot Misses the Net.
17:07 of 1st period - Shot by Jason Spezza.
17:07 of 1st period - Stopped by Cory Schneider with a rebound.
17:09 of 1st period - Shot by Alexander Edler.
17:09 of 1st period - Stopped by Cory Schneider without a rebound.
17:10 of 1st period - Frans Nielsen wins face-off versus Andreas Athanasiou in Jets zone.
17:37 of 1st period - Shot by Sven Baertschi.
17:37 of 1st period - Shot Misses the Net.
17:54 of 1st period - Minor Penalty to Eric Staal for Slashing.
17:55 of 1st period - Mikko Koivu wins face-off versus Andreas Athanasiou in Wild zone.
18:22 of 1st period - Shot by Mikko Koivu.
18:22 of 1st period - Shot Misses the Net.
18:24 of 1st period - Shot by Hampus Lindholm.
18:24 of 1st period - Goal by Hampus Lindholm - Jets : 3 - Wild : 2.
18:25 of 1st period - Mika Zibanejad wins face-off versus Eric Staal in neutral zone.
18:28 of 1st period - Shot by Ondrej Kase.
18:28 of 1st period - Shot Blocked by Johnny Oduya.
18:36 of 1st period - Shot by Mika Zibanejad.
18:36 of 1st period - Shot Misses the Net.
18:38 of 1st period - Shot by Bryan Rust.
18:38 of 1st period - Deflect By Mika Zibanejad.
18:38 of 1st period - Shot Misses the Net.
18:44 of 1st period - Shot by Bryan Rust.
18:44 of 1st period - Shot Misses the Net.
18:48 of 1st period - Shot by Mika Zibanejad.
18:48 of 1st period - Stopped by James Reimer without a rebound.
18:49 of 1st period - Jason Spezza wins face-off versus Frans Nielsen in Wild zone.
19:22 of 1st period - Shot by Riley Nash.
19:22 of 1st period - Shot Misses the Net.
19:39 of 1st period - Shot by Tanner Pearson.
19:39 of 1st period - Deflect By Eric Staal.
19:39 of 1st period - Stopped by Cory Schneider without a rebound.
19:40 of 1st period - Andreas Athanasiou wins face-off versus Mikko Koivu in Jets zone.
19:48 of 1st period - Ryan Callahan is hit by Nick Holden and loses puck.
19:52 of 1st period - Minor Penalty to Nick Holden for Tripping.
19:53 of 1st period - Radek Faksa wins face-off versus Eric Staal in Jets zone.
19:59 of 1st period - Icing by Alexander Edler.
Goals for this period are 3 for Jets vs 2 for Wild.
Shots for this period are 9 for Jets vs 11 for Wild.

2nd period


0:01 of 2nd period - Radek Faksa wins face-off versus Eric Staal in neutral zone.
0:01 of 2nd period - Radek Faksa is hit by Tanner Pearson.
0:02 of 2nd period - Minor Penalty to Tanner Pearson for Roughing.
0:03 of 2nd period - Mikko Koivu wins face-off versus Jason Spezza in Wild zone.
0:16 of 2nd period - Shot by Jamie Benn.
0:16 of 2nd period - Shot Misses the Net.
0:42 of 2nd period - Shot by Jamie Benn.
0:42 of 2nd period - Stopped by James Reimer without a rebound.
0:43 of 2nd period - Eric Staal wins face-off versus Mikko Koivu in Wild zone.
0:54 of 2nd period - Shot by Eric Staal.
0:54 of 2nd period - Shot Blocked by Radko Gudas.
1:33 of 2nd period - Shot by Rickard Rakell.
1:33 of 2nd period - Stopped by James Reimer without a rebound.
1:34 of 2nd period - Mika Zibanejad wins face-off versus Jason Pominville in Wild zone.
1:54 of 2nd period - Icing by Nick Holden.
1:55 of 2nd period - Frans Nielsen wins face-off versus Jason Pominville in Jets zone.
1:59 of 2nd period - Icing by Frans Nielsen.
2:00 of 2nd period - Frans Nielsen wins face-off versus Jason Pominville in Jets zone.
2:23 of 2nd period - Shot by Sven Baertschi.
2:23 of 2nd period - Goal by Sven Baertschi - Jets : 3 - Wild : 3.
2:24 of 2nd period - Frans Nielsen wins face-off versus Eric Staal in neutral zone.
2:31 of 2nd period - Shot by Brock Nelson.
2:31 of 2nd period - Shot Misses the Net.
2:33 of 2nd period - Shot by Rickard Rakell.
2:33 of 2nd period - Stopped by James Reimer without a rebound.
2:34 of 2nd period - Mikko Koivu wins face-off versus Andreas Athanasiou in Wild zone.
2:57 of 2nd period - Shot by Cam Atkinson.
2:57 of 2nd period - Shot Blocked by Josh Gorges.
2:59 of 2nd period - Shot by Cam Atkinson.
2:59 of 2nd period - Stopped by James Reimer with a rebound.
4:18 of 2nd period - Shot by Richard Panik.
4:18 of 2nd period - Stopped by Cory Schneider without a rebound.
4:19 of 2nd period - Jason Spezza wins face-off versus Mika Zibanejad in Jets zone.
4:24 of 2nd period - Shot by Jason Spezza.
4:24 of 2nd period - Stopped by Cory Schneider without a rebound.
4:25 of 2nd period - Jason Spezza wins face-off versus Mikko Koivu in Jets zone.
5:00 of 2nd period - Icing by Radko Gudas.
5:01 of 2nd period - Mikko Koivu wins face-off versus Eric Staal in Jets zone.
6:02 of 2nd period - Minor Penalty to Nick Holden for Holding.
6:03 of 2nd period - Radek Faksa wins face-off versus Jason Spezza in Jets zone.
6:03 of 2nd period - Radek Faksa is hit by Jason Spezza.
6:24 of 2nd period - Jason Spezza is hit by Hampus Lindholm and loses puck.
6:50 of 2nd period - Shot by Andreas Athanasiou.
6:50 of 2nd period - Stopped by Cory Schneider without a rebound.
6:51 of 2nd period - Frans Nielsen wins face-off versus Eric Staal in Jets zone.
7:06 of 2nd period - Tobias Enstrom is hit by Luke Schenn.
8:29 of 2nd period - Shot by Andreas Athanasiou.
8:29 of 2nd period - Shot Hit the Post.
10:21 of 2nd period - Shot by Josh Gorges.
10:21 of 2nd period - Stopped by Cory Schneider with a rebound.
10:42 of 2nd period - Icing by Andreas Athanasiou.
10:43 of 2nd period - Andreas Athanasiou wins face-off versus Radek Faksa in Wild zone.
11:21 of 2nd period - Icing by Ryan Callahan.
11:22 of 2nd period - Mikko Koivu wins face-off versus Ryan Callahan in Wild zone.
11:49 of 2nd period - Shot by Mikko Koivu.
11:49 of 2nd period - Stopped by James Reimer with a rebound.
11:54 of 2nd period - Icing by Ryan Callahan.
11:55 of 2nd period - Frans Nielsen wins face-off versus Andreas Athanasiou in Wild zone.
11:56 of 2nd period - Shot by Brock Nelson.
11:56 of 2nd period - Shot Misses the Net.
11:58 of 2nd period - Shot by Rickard Rakell.
11:58 of 2nd period - Shot Misses the Net.
12:30 of 2nd period - Icing by Radko Gudas.
12:31 of 2nd period - Eric Staal wins face-off versus Frans Nielsen in Jets zone.
12:31 of 2nd period - Jason Pominville is hit by Radko Gudas and loses puck.
12:59 of 2nd period - Icing by Marco Scandella.
13:00 of 2nd period - Mika Zibanejad wins face-off versus Eric Staal in Wild zone.
14:27 of 2nd period - Shot by Marian Gaborik.
14:27 of 2nd period - Shot Misses the Net.
14:29 of 2nd period - Shot by Nicklas Grossmann.
14:29 of 2nd period - Shot Misses the Net.
15:09 of 2nd period - Shot by Jason Spezza.
15:09 of 2nd period - Shot Misses the Net.
15:14 of 2nd period - Icing by Jonas Brodin.
15:15 of 2nd period - Mikko Koivu wins face-off versus Mason Raymond in Jets zone.
15:36 of 2nd period - Shot by Jason Pominville.
15:36 of 2nd period - Stopped by Cory Schneider without a rebound.
15:37 of 2nd period - Eric Staal wins face-off versus Frans Nielsen in Jets zone.
15:42 of 2nd period - Shot by Tanner Pearson.
15:42 of 2nd period - Stopped by Cory Schneider without a rebound.
15:43 of 2nd period - Frans Nielsen wins face-off versus Jason Spezza in Jets zone.
16:06 of 2nd period - Shot by Richard Panik.
16:06 of 2nd period - Stopped by Cory Schneider without a rebound.
16:07 of 2nd period - Mikko Koivu wins face-off versus Eric Staal in Jets zone.
16:17 of 2nd period - Jamie Benn is hit by Eric Staal and loses puck.
16:22 of 2nd period - Shot by Tanner Pearson.
16:22 of 2nd period - Shot Misses the Net.
16:28 of 2nd period - Shot by Jason Pominville.
16:28 of 2nd period - Stopped by Cory Schneider with a rebound.
16:36 of 2nd period - Shot by Jason Pominville.
16:36 of 2nd period - Stopped by Cory Schneider without a rebound.
16:37 of 2nd period - Andreas Athanasiou wins face-off versus Frans Nielsen in Jets zone.
16:46 of 2nd period - Shot by Rickard Rakell.
16:46 of 2nd period - Shot Misses the Net.
16:50 of 2nd period - Shot by Frans Nielsen.
16:50 of 2nd period - Shot Misses the Net.
17:02 of 2nd period - Shot by Andreas Athanasiou.
17:02 of 2nd period - Shot Blocked by Braydon Coburn.
17:10 of 2nd period - Shot by Rickard Rakell.
17:10 of 2nd period - Shot Misses the Net.
17:12 of 2nd period - Shot by Frans Nielsen.
17:12 of 2nd period - Stopped by James Reimer without a rebound.
17:13 of 2nd period - Jason Spezza wins face-off versus Cam Atkinson in Wild zone.
17:31 of 2nd period - Icing by Jonas Brodin.
17:32 of 2nd period - Eric Staal wins face-off versus Mikko Koivu in Jets zone.
17:41 of 2nd period - Shot by Tanner Pearson.
17:41 of 2nd period - Stopped by Cory Schneider with a rebound.
18:17 of 2nd period - Shot by Richard Panik.
18:17 of 2nd period - Shot Misses the Net.
18:24 of 2nd period - Cam Atkinson is hit by Marco Scandella and loses puck.
18:50 of 2nd period - Off-side.
18:51 of 2nd period - Andreas Athanasiou wins face-off versus Mika Zibanejad in neutral zone.
19:04 of 2nd period - Shot by Sven Baertschi.
19:04 of 2nd period - Stopped by Cory Schneider without a rebound.
19:05 of 2nd period - Eric Staal wins face-off versus Frans Nielsen in Jets zone.
19:24 of 2nd period - Tobias Enstrom is hit by Joonas Donskoi.
Goals for this period are 0 for Jets vs 1 for Wild.
Shots for this period are 6 for Jets vs 12 for Wild.

3rd period


0:01 of 3rd period - Mikko Koivu wins face-off versus Eric Staal in neutral zone.
0:34 of 3rd period - Shot by Tanner Pearson.
0:34 of 3rd period - Stopped by Cory Schneider without a rebound.
0:35 of 3rd period - Jason Spezza wins face-off versus Rickard Rakell in Jets zone.
1:19 of 3rd period - Rickard Rakell is hit by Nicklas Grossmann and loses puck.
1:35 of 3rd period - Icing by Connor Carrick.
1:36 of 3rd period - Frans Nielsen wins face-off versus Eric Staal in Jets zone.
1:36 of 3rd period - Frans Nielsen is hit by Luke Schenn.
2:20 of 3rd period - Shot by Cam Atkinson.
2:20 of 3rd period - Shot Blocked by Luke Schenn.
2:51 of 3rd period - Off-side.
2:52 of 3rd period - Mika Zibanejad wins face-off versus Jason Spezza in neutral zone.
2:56 of 3rd period - Icing by Josh Gorges.
2:57 of 3rd period - Mika Zibanejad wins face-off versus Jason Spezza in Wild zone.
3:38 of 3rd period - Icing by Johnny Oduya.
3:39 of 3rd period - Jason Spezza wins face-off versus Mikko Koivu in Wild zone.
4:10 of 3rd period - Shot by Mikko Koivu.
4:10 of 3rd period - Shot Misses the Net.
4:40 of 3rd period - Shot by Andreas Athanasiou.
4:40 of 3rd period - Stopped by Cory Schneider without a rebound.
4:41 of 3rd period - Radek Faksa wins face-off versus Andreas Athanasiou in Jets zone.
5:03 of 3rd period - Shot by Rickard Rakell.
5:03 of 3rd period - Deflect By Radek Faksa.
5:03 of 3rd period - Shot Blocked by Marco Scandella.
5:05 of 3rd period - Shot by Rickard Rakell.
5:05 of 3rd period - Goal by Rickard Rakell - Jets : 4 - Wild : 3.
5:06 of 3rd period - Mika Zibanejad wins face-off versus Eric Staal in neutral zone.
5:23 of 3rd period - Icing by Johnny Oduya.
5:24 of 3rd period - Eric Staal wins face-off versus Frans Nielsen in Wild zone.
5:24 of 3rd period - Eric Staal is hit by Radko Gudas.
5:34 of 3rd period - Eric Staal is hit by Radko Gudas and loses puck.
5:39 of 3rd period - Shot by Marian Gaborik.
5:39 of 3rd period - Stopped by Cory Schneider with a rebound.
6:09 of 3rd period - Shot by Cam Atkinson.
6:09 of 3rd period - Stopped by James Reimer with a rebound.
6:11 of 3rd period - Shot by Jamie Benn.
6:11 of 3rd period - Shot Misses the Net.
6:13 of 3rd period - Shot by Mikko Koivu.
6:13 of 3rd period - Shot Misses the Net.
6:21 of 3rd period - Shot by Cam Atkinson.
6:21 of 3rd period - Stopped by James Reimer without a rebound.
6:22 of 3rd period - Andreas Athanasiou wins face-off versus Bryan Rust in Wild zone.
6:22 of 3rd period - Minor Penalty to Bryan Rust for Tripping.
6:23 of 3rd period - Eric Staal wins face-off versus Radek Faksa in Jets zone.
6:26 of 3rd period - Shot by Tanner Pearson.
6:26 of 3rd period - Stopped by Cory Schneider without a rebound.
6:27 of 3rd period - Eric Staal wins face-off versus Radek Faksa in Jets zone.
6:34 of 3rd period - Shot by Tanner Pearson.
6:34 of 3rd period - Deflect By Jason Pominville.
6:34 of 3rd period - Shot Misses the Net.
6:36 of 3rd period - Shot by Tanner Pearson.
6:36 of 3rd period - Shot Blocked by Hampus Lindholm.
6:38 of 3rd period - Shot by Jason Pominville.
6:38 of 3rd period - Shot Misses the Net.
6:40 of 3rd period - Shot by Luke Schenn.
6:40 of 3rd period - Stopped by Cory Schneider without a rebound.
6:41 of 3rd period - Jason Spezza wins face-off versus Radek Faksa in Jets zone.
6:44 of 3rd period - Shot by Jason Spezza.
6:44 of 3rd period - Stopped by Cory Schneider with a rebound.
6:46 of 3rd period - Shot by Josh Gorges.
6:46 of 3rd period - Deflect By Jason Spezza.
6:46 of 3rd period - Shot Misses the Net.
6:48 of 3rd period - Shot by Josh Gorges.
6:48 of 3rd period - Stopped by Cory Schneider with a rebound.
6:50 of 3rd period - Shot by Josh Gorges.
6:50 of 3rd period - Shot Blocked by Radko Gudas.
7:19 of 3rd period - Icing by Richard Panik.
7:20 of 3rd period - Jason Spezza wins face-off versus Radek Faksa in Wild zone.
7:56 of 3rd period - Off-side.
7:57 of 3rd period - Radek Faksa wins face-off versus Eric Staal in neutral zone.
8:37 of 3rd period - Off-side.
8:38 of 3rd period - Eric Staal wins face-off versus Mikko Koivu in neutral zone.
8:54 of 3rd period - Shot by Marian Gaborik.
8:54 of 3rd period - Shot Misses the Net.
8:56 of 3rd period - Shot by Josh Gorges.
8:56 of 3rd period - Stopped by Cory Schneider without a rebound.
8:57 of 3rd period - Jason Spezza wins face-off versus Frans Nielsen in Jets zone.
9:09 of 3rd period - Jason Spezza is hit by Radko Gudas and loses puck.
9:15 of 3rd period - Minor Penalty to Radko Gudas for Interference.
9:16 of 3rd period - Eric Staal wins face-off versus Radek Faksa in Jets zone.
9:19 of 3rd period - Shot by Tanner Pearson.
9:19 of 3rd period - Shot Misses the Net.
9:21 of 3rd period - Shot by Tanner Pearson.
9:21 of 3rd period - Goal by Tanner Pearson - Jets : 4 - Wild : 4.
9:22 of 3rd period - Mikko Koivu wins face-off versus Andreas Athanasiou in neutral zone.
9:31 of 3rd period - Shot by Andreas Athanasiou.
9:31 of 3rd period - Stopped by Cory Schneider with a rebound.
9:48 of 3rd period - Minor Penalty to Mikko Koivu for Holding.
9:49 of 3rd period - Radek Faksa wins face-off versus Eric Staal in Jets zone.
11:30 of 3rd period - Icing by Eric Staal.
11:31 of 3rd period - Radek Faksa wins face-off versus Eric Staal in Wild zone.
12:22 of 3rd period - Shot by Andreas Athanasiou.
12:22 of 3rd period - Shot Misses the Net.
12:52 of 3rd period - Shot by Frans Nielsen.
12:52 of 3rd period - Stopped by James Reimer with a rebound.
12:59 of 3rd period - Off-side.
13:00 of 3rd period - Jason Spezza wins face-off versus Mika Zibanejad in neutral zone.
13:26 of 3rd period - Mika Zibanejad is hit by Josh Gorges and loses puck.
13:34 of 3rd period - Mika Zibanejad is hit by Josh Gorges and loses puck.
13:42 of 3rd period - Icing by Johnny Oduya.
13:43 of 3rd period - Jason Spezza wins face-off versus Frans Nielsen in Wild zone.
14:09 of 3rd period - Icing by Brock Nelson.
14:10 of 3rd period - Tanner Pearson wins face-off versus Frans Nielsen in Jets zone.
14:41 of 3rd period - Off-side.
14:42 of 3rd period - Andreas Athanasiou wins face-off versus Mikko Koivu in neutral zone.
14:49 of 3rd period - Shot by Andreas Athanasiou.
14:49 of 3rd period - Stopped by Cory Schneider without a rebound.
14:50 of 3rd period - Mikko Koivu wins face-off versus Andreas Athanasiou in Jets zone.
14:57 of 3rd period - Shot by Jamie Benn.
14:57 of 3rd period - Stopped by James Reimer with a rebound.
15:06 of 3rd period - Cam Atkinson is hit by Nicklas Grossmann and loses puck.
15:58 of 3rd period - Shot by Ondrej Kase.
15:58 of 3rd period - Stopped by James Reimer without a rebound.
15:59 of 3rd period - Frans Nielsen wins face-off versus Jason Spezza in Wild zone.
16:00 of 3rd period - Shot by Brock Nelson.
16:00 of 3rd period - Shot Misses the Net.
16:27 of 3rd period - Riley Nash is hit by Hampus Lindholm and loses puck.
16:50 of 3rd period - Shot by Tanner Pearson.
16:50 of 3rd period - Shot Blocked by Hampus Lindholm.
16:52 of 3rd period - Shot by Eric Staal.
16:52 of 3rd period - Goal by Eric Staal - Jets : 4 - Wild : 5.
16:53 of 3rd period - Mikko Koivu wins face-off versus Joonas Donskoi in neutral zone.
17:00 of 3rd period - Shot by Cam Atkinson.
17:00 of 3rd period - Shot Misses the Net.
17:02 of 3rd period - Shot by Radko Gudas.
17:02 of 3rd period - Shot Blocked by Alexander Edler.
17:06 of 3rd period - Shot by Cam Atkinson.
17:06 of 3rd period - Shot Misses the Net.
17:08 of 3rd period - Shot by Jamie Benn.
17:08 of 3rd period - Stopped by James Reimer with a rebound.
17:54 of 3rd period - Sven Baertschi is hit by Nick Holden and loses puck.
17:59 of 3rd period - Shot by Andreas Athanasiou.
17:59 of 3rd period - Shot Misses the Net.
18:07 of 3rd period - Marco Scandella is hit by Bryan Rust and loses puck.
18:29 of 3rd period - Icing by Jason Spezza.
18:30 of 3rd period - Radek Faksa wins face-off versus Jason Spezza in Wild zone.
18:41 of 3rd period - Shot by Alan Quine.
18:41 of 3rd period - Deflect By Radek Faksa.
18:41 of 3rd period - Stopped by James Reimer without a rebound.
18:42 of 3rd period - Eric Staal wins face-off versus Frans Nielsen in Wild zone.
19:08 of 3rd period - Icing by Brock Nelson.
19:09 of 3rd period - Eric Staal wins face-off versus Frans Nielsen in Jets zone.
19:16 of 3rd period - Shot by Eric Staal.
19:16 of 3rd period - Shot Misses the Net.
19:46 of 3rd period - Shot by Jason Pominville.
19:46 of 3rd period - Stopped by Cory Schneider without a rebound.
19:47 of 3rd period - Mason Raymond wins face-off versus Mikko Koivu in Jets zone.
19:48 of 3rd period - Shot by Ryan Callahan.
19:48 of 3rd period - Shot Misses the Net.
Goals for this period are 1 for Jets vs 2 for Wild.
Shots for this period are 8 for Jets vs 13 for Wild.